 Dungeon Crawl Stone Soup version 0.27-a0-1105-g946c659c87 (webtiles) character file.

Game seed: 3336754263012455940

12 1player the Skirmisher (level 2, -1/32 HPs)
             Began as an Ogre Delver on Apr 30, 2021.
             Slain by a water moccasin (7 damage)
             ... on level 6 of the Dungeon.
             The game lasted 00:04:28 (954 turns).

1player the Skirmisher (Ogre Delver)                 Turns: 954, Time: 00:04:29

Health: -1/32      AC:  3    Str: 15    XL:     2   Next: 33%
Magic:  2/2        EV:  9    Int: 11    God:
Gold:   39         SH:  0    Dex: 10    Spells: 1/1 levels left

rFire    . . .     SeeInvis .   j - +0 quarterstaff
rCold    . . .     Faith    .   (shield currently unavailable)
rNeg     . . .     Spirit   .   b - +0 robe
rPois    .         Reflect  .   (helmet restricted)
rElec    .         Harm     .   (no cloak)
rCorr    .         Rampage  .   (gloves unavailable)
Will     .....                  (boots unavailable)
Stlth    ++........             (no amulet)
HPRegen  0.10/turn              (no ring)
MPRegen  0.08/turn              (no ring)

@: no status effects
A: large, unfitting armour, tough skin 1
a: no special abilities


You were on level 6 of the Dungeon.
You visited 1 branch of the dungeon, and saw 3 of its levels.

You collected 39 gold pieces.

Inventory:

Hand Weapons
 a - a +0 spear
 j - a +0 quarterstaff (weapon)
Missiles
 h - 48 stones
 i - 3 javelins
 k - 16 poisoned darts (quivered)
Armour
 b - a +0 robe (worn)
Wands
 g - a wand of digging (2)
Scrolls
 c - a scroll of fog
 d - a scroll of magic mapping
 e - a scroll of fear
Potions
 f - a potion of haste


   Skills:
 - Level 4.0 Fighting
 - Level 2.0(2.2) Polearms
 + Level 1.2(1.8) Staves
 + Level 1.2 Throwing
 - Level 1.7 Dodging
 - Level 3.7 Stealth


You had one spell level left.
You didn't know any spells.
Your spell library was empty.

Dungeon Overview and Level Annotations

Branches:
Dungeon (5/15)
 Temple: D:4-7

Altars:

Annotations:
D:4 exclusion: downstairs


Innate Abilities, Weirdness & Mutations

You are too large for most types of armour.
You have tough skin. (AC +1)


Message History

h - 48 stones (gained 25)
A kobold comes into view. It is wielding a +0 short sword.
The kobold shouts!
The kobold hits you with a +0 short sword.
You closely miss the kobold.
The kobold hits you with a +0 short sword.
The kobold completely misses you.
You completely miss the kobold. The kobold barely misses you.
You hit the kobold.
You kill the kobold!
You start resting.
HP restored.
You see here a +0 short sword.
You fall into a shaft and drop 2 floors!
The shaft crumbles and collapses.
Found a scroll labelled XEERPH ZOKOG and 2 glowing emerald potions.
A water moccasin and a howler monkey come into view.
Okay, then.
The water moccasin hisses angrily.
Press: ? - help, v - describe, . - travel
Here: a howler monkey The floor.
The gnoll sergeant shouts!
Aiming: Dig
Press: ? - help, Shift-Dir - straight line A rock wall.
The rock shatters into small pieces.
The water moccasin bites you! x2
Throw: 48 stones
Press: ? - help, Q - select action, (/) - cycle Shift-Dir - straight line, f - water moccasin
Aim: a water moccasin (38% to hit)
Okay, then.
Throw: 17 darts (poison)
Press: ? - help, Q - select action, (/) - cycle Shift-Dir - straight line, f - water moccasin
Aim: a water moccasin (38% to hit)
You throw a poisoned dart.
The poisoned dart misses the water moccasin.
The water moccasin bites you!
* * * LOW HITPOINT WARNING * * *
The water moccasin bites you!
You die...

...........#
.....!.....#
...........#
...........#
.....?.....#
..........##
........h##
≈≈≈≈..###S##
≈≈≈≈.. ##@#
##≈≈. ##.#
g#≈≈ #.# #≈≈
#.# ##


You could see a water moccasin and a howler monkey.

Vanquished Creatures
  An adder skeleton (D:4)
  A ball python (D:4)
  An endoplasm (D:4)
  2 giant cockroaches (D:4)
  2 hobgoblins (D:4)
  A kobold (D:4)
8 creatures vanquished.

Notes
Turn   | Place    | Note
-------+----------+-------------------------------------------
     0 | D:5      | 1player the Ogre Delver began the quest for the Orb.
     0 | D:5      | Reached XP level 1. HP: 24/24 MP: 1/1
    18 | D:5      | Noticed a black bear
    68 | D:5      | Noticed a scorpion
   111 | D:5      | Noticed a sky beast
   127 | D:5      | Noticed a hound
   540 | D:4      | Reached skill level 1 in Staves
   540 | D:4      | Reached skill level 1 in Throwing
   540 | D:4      | Reached XP level 2. HP: 17/32 MP: 2/2
   761 | D:5      | Noticed an ogre
   946 | D:4      | You fall into a shaft and drop 2 floors!
   947 | D:6      | Noticed a water moccasin
   947 | D:6      | Noticed a howler monkey
   949 | D:6      | Noticed a gnoll sergeant
   954 | D:6      | Slain by a water moccasin

Illustrated notes

Levels and vault maps discovered:
D:4:      layout_loops_ring, chequers_arboretum, uniq_crazy_yiuf_cottage
D:5:      layout_loops_corners
D:6:      layout_rooms, temple_pool_b, gammafunk_ghost_gnarly_gnolls

Skill      XL: |  1 |
---------------+----+-----
Staves         | 1 |  1.2
Throwing       | 1 |  1.2
Fighting       | |  4.0
Polearms       | |  2.0
Dodging        | |  1.7
Stealth        | |  3.7

Action                   || total
-------------------------++-------
Melee: Quarterstaff      ||    19
Throw: Dart              ||     1
Evoke: Wand              ||     1
 Stab: Sleeping          ||     1
Armor: Robe              ||     6
Dodge: Dodged            ||     6

Table legend: (Time is in decaauts)
 A = Elapsed time spent in this place.
 B = Non-inter-level travel time spent in this place.
 C = Inter-level travel time spent in this place.
 D = Time resting spent in this place.
 E = Time spent auto-exploring this place.
 F = Levels seen in this place.
 G = Mean time per level.
                   A        B        C        D        E       F      G
               +--------+--------+--------+--------+--------+-----+--------+
         Total |    959 |    933 |     26 |    330 |     36 |   3 |  319.7 |
       Dungeon |    959 |    933 |     26 |    330 |     36 |   3 |  319.7 |
               +--------+--------+--------+--------+--------+-----+--------+

Top non-repeatable levels by time:
     D:5: 514 daAuts
     D:4: 437 daAuts
     D:6: 7 daAuts
